 Dungeon Crawl Stone Soup version 0.22-a0-617-g6d95e9e505 (webtiles) character file.

47 RedPan the Sneak (level 3, -2/21 HPs)
             Began as an Octopode Wizard on July 12, 2018.
             Slain by Terence
             ... wielding a +0 hand axe
              (5 damage)
             ... on level 2 of the Dungeon.
             The game lasted 00:03:39 (1696 turns).

RedPan the Sneak (Octopode Wizard)                  Turns: 1696, Time: 00:03:39

Health: -2/21      AC:  1    Str:  6    XL:     3   Next: 70%
Magic:  2/7        EV: 13    Int: 20    God:
Gold:   78         SH:  0    Dex: 11    Spells: 0/8 levels left

rFire    . . .     SeeInvis .   b - +0 dagger (speed)
rCold    . . .     Gourm    .   (no shield)
rNeg     . . .     Faith    .   a - +0 hat
rPois    .         Spirit   .   (no amulet)
rElec    .         Reflect  .   (no ring)
rCorr    .         Harm     .   (no ring)
MR       .....                  (no ring)
Stlth    +++.......             (no ring)
HPRegen  0.07/turn              (no ring)
MPRegen  0.10/turn              (no ring)
                                (no ring)
                                (no ring)

@: no status effects
A: almost no armour, stealthy swim, amphibious, 8 rings, constrict 8, camouflage
1, gelatinous body 1
a: no special abilities


You were on level 2 of the Dungeon.
You were very hungry.

You visited 1 branch of the dungeon, and saw 2 of its levels.

You collected 78 gold pieces.

Inventory:

Hand Weapons
 b - a +0 dagger of speed (weapon)
Armour
 a - a +0 hat (worn)
Scrolls
 e - a scroll of enchant armour {unknown}
 f - 2 scrolls of magic mapping {unknown}
 g - a scroll of fear {unknown}
 k - a scroll of amnesia {unknown}
Potions
 d - a potion of brilliance {unknown}
 h - a potion of lignification {unknown}
 i - a potion of resistance {unknown}
 j - a potion of might {unknown}
 l - a potion of curing {unknown}
 m - a potion of flight {unknown}
 n - a potion of invisibility {unknown}
Comestibles
 c - a ration


   Skills:
 - Level 2.0 Dodging
 + Level 3.5 Stealth
 + Level 3.2 Spellcasting
 * Level 2.4 Conjurations
 + Level 1.5 Summonings
 - Level 1.0 Translocations


You couldn't memorise any spells.
You knew the following spells:

 Your Spells              Type           Power        Failure   Level  Hunger
a - Magic Dart            Conj           ##..         4%          1    None
b - Blink                 Tloc           N/A          14%         2    ##.....
c - Call Imp              Summ           #.......     11%         2    ##.....
d - Mephitic Cloud        Conj/Pois/Air  #.......     30%         3    ###....

Your spell library contained the following spells:

 Spells                   Type           Power        Failure   Level  Hunger
 Conjure Flame            Conj/Fire      #.......     26%         3    ###....
 Slow                     Hex            #.......     22%         2    ##.....


Dungeon Overview and Level Annotations

Branches:
Dungeon (2/15)

Altars:
Beogh

Annotations:
D:2 Terence


Innate Abilities, Weirdness & Mutations

You cannot wear most types of armour.
You are very stealthy in the water. (Stealth+)
You are amphibious.
You can wear up to eight rings at the same time.
You can use your tentacles to constrict eight enemies at once.
Your skin changes colour to match your surroundings (Stealth+).
Your rubbery body absorbs attacks. (AC +1, EV +1)


Message History

Terence is lightly wounded.
You constrict Terence, but do no damage.
Terence hits you but does no damage.
Terence hits your crimson imp with a hand axe. x2
You hit Terence.
Terence is moderately wounded.
You constrict Terence, but do no damage.
Your crimson imp blinks!
Your crimson imp hits Terence but does no damage.
You hit Terence but do no damage.
Terence is moderately wounded.
You constrict Terence. Terence hits you with a hand axe.
* * * LOW HITPOINT WARNING * * *
Terence closely misses your crimson imp.
Your crimson imp hits Terence but does no damage.
You hit Terence but do no damage.
Terence is moderately wounded.
You constrict Terence, but do no damage.
Terence hits you with a hand axe.
You die...

#######.###....##.#..#.
#.........##.....[ #######
#........###.#.... #.....#
#........###.##.#.
####..####....5.......##.#.
#..................##...
#..####.5..........##.#.
#..# #@......####.##.#.
####..####@.###..# #.##.#)
#................####.##.#.
#..........................
####..###..................
#..#####.###.#####.####.
#..#.###.###.# #.# #.
#...†....... # ### #.
#..#.###.#. .. #..#.#
#.###.. #.


You could see Terence and 2 friendly crimson imps.

Vanquished Creatures
  A gnoll (D:1)
  2 adders (D:2)
  A leopard gecko (D:1)
  4 bats (D:1)
  A giant cockroach (D:1)
  A goblin (D:1)
  2 hobgoblins (D:1)
  A frilled lizard (D:1)
  6 kobolds
  2 rats
21 creatures vanquished.

Notes
Turn   | Place    | Note
-------+----------+-------------------------------------------
     0 | D:1      | RedPan the Octopode Wizard began the quest for the Orb.
     0 | D:1      | Reached XP level 1. HP: 11/11 MP: 4/4
   229 | D:1      | Found a roughly hewn altar of Beogh.
   229 | D:1      | Noticed an orc wizard
   233 | D:1      | Noticed an orc wizard
   235 | D:1      | Noticed an orc wizard
   265 | D:1      | Noticed an orc warrior
   407 | D:1      | Reached XP level 2. HP: 17/17 MP: 6/6
   430 | D:1      | Learned a level 2 spell: Blink
   433 | D:1      | Learned a level 2 spell: Call Imp
   932 | D:1      | Reached XP level 3. HP: 11/21 MP: 5/7
  1342 | D:1      | Learned a level 3 spell: Mephitic Cloud
  1625 | D:2      | Noticed Terence
  1696 | D:2      | Slain by Terence

Vault maps used:
D:1:      erik_arrival_cave_to_civilisation
D:2:      uniq_terence

Skill      XL: |  1  2 |
---------------+-------+-----
Stealth        | 3 |  3.5
Conjurations   | 2 |  2.4
Dodging        | |  2.0
Spellcasting   | |  3.2
Summonings     | |  1.5
Translocations | |  1.0

Action                   || total
-------------------------++-------
Melee: Unarmed           ||     7
       Short sword       ||     5
       Constrict         ||     6
       Dagger            ||    18
       Tentacles         ||     2
 Cast: Magic Dart        ||    32
       Call Imp          ||     3
 Stab: Sleeping          ||     6
  Eat: Chunk             ||     1
Armor: Skin              ||     4
Dodge: Dodged            ||    15

Table legend:
 A = Spawn XP
 B = Non-spawn XP
 C = Spawn XP percentage of total XP
 D = Spawn monster count
 E = Non-spawn monster count
 F = Spawn count percentage of total count
 G = Total turns spent on level
                    A         B        C        D         E        F      G
               +---------+---------+-------+---------+---------+-------+---------
         Total |       0 |      68 |   0.0 |       0 |      21 |   0.0 |  1696
               +---------+---------+-------+---------+---------+-------+---------
           D:1 |       0 |      39 |   0.0 |       0 |      17 |   0.0 |  1343
           D:2 |       0 |      29 |   0.0 |       0 |       4 |   0.0 |   353
               +---------+---------+-------+---------+---------+-------+---------
